 Dungeon Crawl Stone Soup version 0.28-a0-1594-ga885d4b3d6 (webtiles) character file.

Game seed: 31108519473690502

56691 murtidash the Zephyrmancer (level 14, -5/69 HPs)
             Began as a Felid Summoner on Jan 20, 2022.
             Was an Initiate of Gozag.
             Slain by an entropy weaver (15 damage)
             ... on level 1 of the Spider Nest on Jan 21, 2022.
             The game lasted 02:32:41 (41778 turns).

murtidash the Zephyrmancer (Felid Summoner)        Turns: 41778, Time: 02:32:41

Health: -5/69      AC: -17   Str:  7    XL:     14   Next: 43%
Magic:  23/27      EV: 26    Int: 26    God:    Gozag
Gold:   1466       SH:  0    Dex: 18    Spells: 0/30 levels left
                                        Lives:  0   Deaths: 4

rFire   . . .      SeeInvis +     - Unarmed
rCold   + . .      Faith    .   (shield unavailable)
rNeg    . . .      Spirit   .   (armour unavailable)
rPois   .          Reflect  .   (helmet unavailable)
rElec   .          Harm     .   (cloak unavailable)
rCorr   .          Rampage  .   (gloves unavailable)
Will    +++..                   (boots unavailable)
Stlth   ++........              j - amulet of magic regeneration
HPRegen 0.21/turn               m - ring of wizardry {Wiz+, !d}
MPRegen 0.60/turn               K - ring of Foru Bur {Will+ Str+3 Int+6}

@: corroded, gold aura, quick
A: very small, claws 1, fangs 3, see invisible, speed 1, shaggy fur 3, stealthy
paws, no weapons or thrown items, no armour, multi-lived
a: Renounce Religion, Potion Petition, Call Merchant, Bribe Branch


You were on level 1 of the Spider Nest.
You worshipped Gozag.
Gozag was most pleased with you.
You visited 5 branches of the dungeon, and saw 25 of its levels.
You also visited: Ice Cave.

You collected 7763 gold pieces.
You spent 2668 gold pieces at shops.
You paid 3629 gold pieces to Gozag.

Inventory:

Jewellery
 i - a ring of protection from fire {rF+, !d}
   (You found it on level 6 of the Lair of Beasts)
 j - an amulet of magic regeneration (around neck)
   (You found it on level 4 of the Dungeon)
 m - a ring of wizardry (left paw) {Wiz+, !d}
   (You found it on level 4 of the Dungeon)
 n - a ring of fire {rF+, rC-}
   (You found it on level 5 of the Dungeon)
 u - a ring of magical power {MP+9}
   (You found it on level 7 of the Dungeon)
 v - a ring of poison resistance {rPois, !d}
   (You found it on level 12 of the Dungeon)
 B - a ring of ice {rC+, rF-}
   (You found it on level 8 of the Dungeon)
 E - an amulet of regeneration {+regen, !d}
   (You found it on level 1 of the Lair of Beasts)
 F - a ring of positive energy {rN+}
   (You found it on level 2 of the Lair of Beasts)
 I - a ring of resist corrosion
   (You found it on level 14 of the Dungeon)
 K - the ring of Foru Bur (right paw) {Will+ Str+3 Int+6}
   (You bought it in a shop on level 2 of the Lair of Beasts)

   [ring of intelligence]

   Str:       It affects your strength (+3).
   Int:       It affects your intelligence (+6).
   Will:      It increases your willpower.
 O - a +6 ring of dexterity
   (You found it on level 10 of the Dungeon)
Wands
 k - a wand of iceblast (5)
   (You found it on level 4 of the Dungeon)
 s - a wand of acid (2)
   (You found it on level 6 of the Dungeon)
 w - a wand of paralysis (6)
   (You took it off Sonja on level 3 of the Lair of Beasts)
 x - a wand of mindburst (13)
   (You found it on level 7 of the Dungeon)
 y - a wand of charming (6)
   (You found it on level 7 of the Dungeon)
 H - a wand of flame (36)
   (You found it on level 2 of the Lair of Beasts)
 M - a wand of polymorph (6)
   (You found it on level 10 of the Dungeon)
Scrolls
 b - 2 scrolls of vulnerability {!r!r}
 e - a scroll of torment {!r}
 f - 2 scrolls of summoning
 l - a scroll of amnesia
 p - a scroll of fog
 r - 12 scrolls of teleportation
 t - 4 scrolls of magic mapping {!r}
 A - 3 scrolls of immolation {!r}
 C - a scroll of holy word {!r}
 J - 2 scrolls of identify {@r1}
Potions
 a - 2 potions of brilliance
 c - 3 potions of magic
 d - 5 potions of mutation {!q}
 g - 7 potions of attraction {!q}
 h - a potion of heal wounds
 o - a potion of resistance
 q - a potion of curing
 z - a potion of invisibility
 D - a potion of flight
 G - 3 potions of lignification {!q}
 N - a potion of might
 Q - 4 potions of haste
Miscellaneous
 L - a phantom mirror
   (You found it on level 10 of the Dungeon)


   Skills:
 - Level 12.0 Fighting
 - Level 12.4 Dodging
 - Level 2.6 Stealth
 + Level 1.0 Unarmed Combat
 + Level 8.9 Spellcasting
 - Level 5.0 Hexes
 - Level 13.1 Summonings
 + Level 5.3 Translocations
 * Level 11.2 Transmutations
 + Level 13.2 Air Magic


You couldn't memorise any spells.
You knew the following spells:

 Your Spells              Type           Power      Damage    Failure   Level
b - Summon Cactus Giant   Summ           34%        N/A       1%          6
c - Call Canine Familiar  Summ           68%        N/A       1%          3
d - Summon Lightning Spi  Summ/Air       69%        N/A       1%          4
s - Swiftness             Air            69%        N/A       1%          3
x - Storm Form            Tmut/Air       33%        N/A       12%         7
X - Manifold Assault      Tloc           39%        N/A       6%          5
Z - Blink                 Tloc           78%        N/A       1%          2

Your spell library contained the following spells:

 Spells                   Type           Power      Damage    Failure   Level
 Summon Small Mammal      Summ           100%       N/A       0%          1
 Apportation              Tloc           78%        N/A       1%          1
 Shock                    Conj/Air       100%       1d9       1%          1
 Call Imp                 Summ           68%        N/A       1%          2
 Ensorcelled Hibernation  Hex/Ice        48%        N/A       1%          2
 Passwall                 Tmut/Erth      33%        N/A       1%          2
 Confusing Touch          Hex            37%        N/A       1%          3
 Lesser Beckoning         Tloc           39%        N/A       1%          3
 Spider Form              Tmut/Pois      40%        N/A       1%          3
 Summon Guardian Golem    Hex/Summ       56%        N/A       1%          3
 Airstrike                Air            34%        N/A       1%          4
 Ice Form                 Ice/Tmut       40%        N/A       1%          4
 Petrify                  Tmut/Erth      40%        N/A       1%          4
 Summon Ice Beast         Ice/Summ       45%        N/A       1%          4
 Blade Hands              Tmut           31%        N/A       1%          5
 Yara's Violent Unravell  Hex/Tmut       26%        3d11      1%          5
 Animate Skeleton         Necr           22%        N/A       2%          1
 Foxfire                  Conj/Fire      44%        2x1d6     2%          1
 Inner Flame              Hex/Fire       24%        N/A       2%          3
 Cause Fear               Hex            18%        N/A       2%          4
 Scorch                   Fire           22%        2d6       3%          2
 Sublimation of Blood     Necr           11%        N/A       3%          2
 Conjure Flame            Conj/Fire      11%        6-21      6%          3
 Frozen Ramparts          Ice            22%        1d4       6%          3
 Irradiate                Conj/Tmut      20%        3d20      6%          5
 Iskenderun's Mystic Bla  Conj/Tloc      25%        2d7       7%          4
 Anguish                  Hex/Necr       12%        N/A       8%          4
 Fulminant Prism          Conj/Hex       12%        3d9       8%          4
 Dragon Form              Tmut           31%        N/A       16%         7
 Flame Wave               Conj/Fire      11%        2d5       21%         4
 Malign Gateway           Summ/Tloc      28%        N/A       36%         7
 Lee's Rapid Deconstruct  Erth           5%         3d7*      47%         5
 Maxwell's Capacitive Co  Air            34%        ∞         50%         8
 Summon Horrible Things   Summ           34%        N/A       50%         8
 Enfeeble                 Hex            18%        N/A       89%         7
 Borgnjor's Revivificati  Necr           5%         N/A       100%        8
 Discord                  Hex            18%        N/A       100%        8
 Necromutation            Tmut/Necr      20%        N/A       100%        8
 Death's Door             Necr           5%         N/A       100%        9


Dungeon Overview and Level Annotations

Branches:
Dungeon (15/15)            Temple (1/1) D:6            Lair (6/6) D:9
 Shoals (0/4) Lair:4       Spider (1/4) Lair:2        Slime (0/5) Lair:6
    Orc (2/2) D:9          Vaults (0/5) D:13         Depths (0/4) D:15
  IceCv (visited)
    Elf: Orc:2

Altars:
Ashenzari
Cheibriados
Fedhas
Gozag
Hepliaklqana
Kikubaaqudgha
Makhleb
Nemelex Xobeh
Okawaru
Qazlal
Ru
Trog
Uskayaw
Vehumet
Xom
Yredelemnul
Zin
Jiyva

Shops:
Lair:2 :=!=

Portals:
Abyss: D:14

Annotations:
D:6 4 runed translucent doors, 2 transporters, HuGe's ghost, novice MiBe
D:14 2 transporters, Mostra's ghost, journeyman DjFE
D:15 6 transporters


Innate Abilities, Weirdness & Mutations

You have sharp claws.
You have razor-sharp teeth.
You have supernaturally acute eyesight. (SInv)
You cover ground quickly. (Speed+)
Your thick and shaggy fur keeps you warm. (AC +3, rC+)
Your paws help you pounce on unaware monsters.
You are incapable of wielding weapons or throwing items.
You cannot wear armour.
You gain extra lives every three experience levels.


Message History

Gang up on whom?
Aim: a demonic crawler (catching its breath) Attack!
The jumping spider is distracted by your dazzling golden aura.
The demonic crawler is distracted by your dazzling golden aura.
An entropy weaver comes into view.
The jumping spider is no longer distracted by gold.
The jumping spider leaps!
You catch the helpless jumping spider completely off-guard!
You batter the jumping spider!!
You kill the jumping spider!
Your Unarmed Combat skill increases to level 1!
The entropy weaver points at you and mumbles some strange words.
The entropic weave corrodes you!
The demonic crawler gives a hideous shriek!
Something hits your cactus giant! x3; Something hits your cactus giant.
Something hits your cactus giant!
Something completely misses your cactus giant.
Something hits your cactus giant.
You feel energetic enough to blinkbolt again.
Your cactus giant hits the entropy weaver with a +0 giant spiked club!!
Your transformation has ended.
The entropy weaver is struck by your cactus giant's spines.
The entropy weaver hits your cactus giant!
Your cactus giant is destroyed!
Your cactus giant disappears in a puff of smoke!
A jumping spider comes into view.
A redback comes into view.
You now have 21/27 mp.
You swap places.
The demonic crawler shrieks in warning!
You hear a shout!
You hear an angry hiss.
You hear a hideous shriek! x2
You hear an angry hiss.
The demonic crawler shrieks in warning!
You hear an angry hiss.
Your cactus giant hits the demonic crawler but does no damage.
An electric hum fills the air.
The jumping spider leaps!
The entropy weaver gestures at you while chanting.
The entropic weave corrodes you!
You now have 21/27 mp.
An entropy weaver comes into view.
The entropy weaver points at you and mumbles some strange words.
The entropic weave corrodes you!
The demonic crawler shrieks in warning!
The entropy weaver points at you and mumbles some strange words.
The entropic weave corrodes you!
You hear an angry hiss.
You hear a hideous shriek!
You now have 18/27 mp.
A redback comes into view.
You see here 22 gold pieces.
The entropy weaver gestures at you while chanting.
The entropic weave corrodes you!
The demonic crawler is struck by your cactus giant's spines.
The demonic crawler hits your cactus giant! x3
You see here 9 gold pieces.
The demonic crawler is struck by your cactus giant's spines.
The demonic crawler hits your cactus giant!
The demonic crawler barely misses your cactus giant.
The demonic crawler hits your cactus giant!
Your cactus giant hits the demonic crawler with a +0 giant spiked club!
The demonic crawler dies!
There is a crawl-hole back to the Lair, spattered with blood here.
The entropy weaver gestures at you while chanting.
The entropic weave corrodes you!
Aim: an entropy weaver The mass of ice explodes!
The iceblast engulfs the entropy weaver.
The iceblast engulfs the redback! x2; The jumping spider leaps!
The entropy weaver casts a spell at you.
The entropic weave corrodes you!
The jumping spider leaps!
Aim: a redback (heavily wounded)
The mass of ice explodes!
The iceblast engulfs the redback!
The iceblast engulfs the entropy weaver.
The iceblast engulfs the redback!!
You kill the redback!
The jumping spider leaps!
The entropy weaver is struck by your cactus giant's spines.
The entropy weaver hits your cactus giant! x2
The entropy weaver hits your cactus giant. x2
Your cactus giant hits the entropy weaver with a +0 giant spiked club.
You closely miss the redback.
The jumping spider is distracted by your dazzling golden aura.
The entropy weaver casts a spell at you.
The entropic weave corrodes you!
The entropy weaver is struck by your cactus giant's spines.
The entropy weaver hits your cactus giant!
Your cactus giant is destroyed!
Your cactus giant disappears in a puff of smoke!
The redback closely misses you.
The jumping spider hisses angrily.
The entropy weaver shouts!
You scratch the redback.
The jumping spider leaps!
The redback barely misses you.
The entropy weaver completely misses you.
The entropy weaver hits you! x4
* * * LOW HITPOINT WARNING * * *
The entropy weaver hits you!
* * * LOW HITPOINT WARNING * * *
The entropy weaver hits you!
You die...
Your body crumbles into a pile of gold.

#....... ... #...##
.........# #...#
........## ####..##
##s.......###
###......###...........#
#......$.$.........^...#
#.$....$...............#
##......B$.$..........##
#......@ssB.§...........
#.......#.#.#.....C.[○.#
##....#######....^......
###..# #..8....^... ####
###.#..).... ###.......
###..... #...... ##.###^


You could see 2 entropy weavers, 2 jumping spiders and a redback.

Vanquished Creatures
  A hydra (Lair:6)
  An orb spider (Spider:1)
  2 wolf spiders (Lair:2)
  A moth of wrath (Lair:2)
  3 tarantellas
  3 jumping spiders
  A culicivora (Lair:2)
  5 redbacks
  A floating eye (D:11)
  A black bear (Lair:6)
  6 wolves (Lair:2)
  A wyvern skeleton (D:5)
  An orc priest (Orc:1)
  An orc wizard (D:4)
  A goblin (D:1)
  A hobgoblin (D:1)
  A ball python (D:4)
  2 kobolds
  A rat (D:2)
34 creatures vanquished.

Vanquished Creatures (collateral kills)
  Frances (D:14)
  Azrael (D:13)
  Snorg (D:12)
  2 fire dragons (D:15)
  10 hydras
  2 vault guards (D:13)
  A boulder beetle (D:14)
  2 catoblepae
  3 centaur warriors
  3 two-headed ogres
  6 death yaks
  A deep troll shaman (Lair:6)
  Nergalle (D:11)
  Sonja (Lair:3)
  An orb spider (Spider:1)
  A lindwurm (Lair:6)
  4 oklob plants (D:11)
  13 ugly things
  3 orc sorcerers
  A wolf spider (Spider:1)
  3 orc knights
  5 manticores
  2 cyclopes (D:13)
  8 elephants
  A torpor snail (Lair:5)
  3 black mambas
  8 cane toads
  Maggie (Lair:1)
  4 centaur zombies
  An unseen horror (D:12)
  3 rime drakes
  A demonic crawler (Spider:1)
  2 kobold demonologists (D:9)
  5 komodo dragons
  2 tengu conjurers (D:15)
  2 efreet
  4 trolls
  7 polar bears
  A tarantella (shapeshifter) (D:15)
  4 tarantellas
  2 hornets
  3 dream sheep (Lair:5)
  19 blink frogs
  2 jumping spiders (Spider:1)
  3 culicivoras (Spider:1)
  4 vampires
  3 wraiths
  3 fire elementals
  71 yaks
  A wyvern (Lair:3)
  3 shadows (D:11)
  10 humans (D:13)
  A basilisk (Lair:3)
  5 redbacks
  2 vampire mosquitoes (D:13)
  2 wargs (D:9)
  13 water moccasins
  2 hell hounds (D:13)
  A black bear (D:9)
  21 orc warriors
  2 necrophages
  42 wolves
  3 ogres
  14 centaurs
  4 nameless horrors
  4 kobold brigands
  8 bullfrogs
  A gnoll sergeant (D:9)
  A scorpion (D:5)
  2 killer bees (D:8)
  11 wights
  A howler monkey (D:12)
  2 bullfrog zombies (D:6)
  5 jellies
  A hound (D:6)
  A bullfrog skeleton (D:4)
  9 orc priests
  A centaur skeleton (D:6)
  Terence (D:3)
  An iguana (D:9)
  14 orc wizards
  7 gnolls
  5 adders
  A howler monkey skeleton (D:7)
  A shadow imp (D:7)
  2 white imps (D:5)
  2 ufetubi (D:5)
  3 worms
  5 dart slugs
  56 orcs
  11 endoplasms
  3 giant cockroaches
  5 goblins
  8 hobgoblins
  A jackal (D:1)
  5 quokkas
  7 ball pythons
  3 bats
  A frilled lizard (D:3)
  19 kobolds
  5 rats
574 creatures vanquished.

Vanquished Creatures (others)
  A hydra (Lair:1)
  An ugly thing (D:6)
  A troll (D:9)
  A yak (Lair:2)
  3 wyverns (D:9)
  An acid dragon (D:8)
  2 water moccasins
  A black bear (D:9)
  2 orc warriors
  2 necrophages
  A wolf (D:9)
  3 ogres
  A scorpion (D:6)
  11 wights
  7 killer bees (D:8)
  An iguana (D:5)
  An orc wizard (D:4)
  8 gnolls
  A howler monkey skeleton (D:6)
  An adder (D:6)
  5 orcs
  A bush (D:9)
  37 fungi
  77 plants
170 creatures vanquished.

Grand Total: 778 creatures vanquished

Notes
Turn   | Place    | Note
-------+----------+-------------------------------------------
     0 | D:1      | murtidash the Felid Summoner began the quest for the Orb.
     0 | D:1      | Reached XP level 1. HP: 7/7 MP: 4/4
   124 | D:1      | Found a faded altar of an unknown god.
   472 | D:1      | Reached XP level 2. HP: 11/11 MP: 4/6
   495 | D:1      | Learned a level 2 spell: Call Imp
  1188 | D:1      | Reached XP level 3. HP: 14/14 MP: 5/8
  1192 | D:1      | Learned a level 3 spell: Call Canine Familiar
  1632 | D:2      | Reached skill level 3 in Spellcasting
  1976 | D:2      | Reached XP level 4. HP: 18/18 MP: 6/9
  1980 | D:2      | Learned a level 3 spell: Summon Guardian Golem
  2596 | D:3      | Reached skill level 5 in Summonings
  2600 | D:3      | Reached skill level 1 in Hexes
  2657 | D:3      | Noticed Terence
  2695 | D:3      | Killed Terence
  2864 | D:3      | Reached skill level 2 in Hexes
  3175 | D:3      | Reached XP level 5. HP: 18/21 MP: 4/10
  3364 | D:3      | Reached skill level 3 in Hexes
  4168 | D:4      | Reached skill level 4 in Hexes
  4328 | D:4      | Noticed an ogre
  4354 | D:4      | Gained mutation: You are covered in thick fur. (AC +2)
                  | [Felid growth]
  4354 | D:4      | Reached XP level 6. HP: 24/24 MP: 9/11
  4370 | D:4      | Reached skill level 5 in Hexes
  4370 | D:4      | Reached skill level 6 in Summonings
  4629 | D:4      | Reached skill level 1 in Air Magic
  4661 | D:5      | Entered Level 5 of the Dungeon
  4757 | D:5      | Reached XP level 7. HP: 7/27 MP: 13/13
  5263 | D:5      | Reached skill level 4 in Spellcasting
  5263 | D:5      | Reached skill level 2 in Air Magic
  5485 | D:5      | Reached skill level 7 in Summonings
  5847 | D:5      | Learned a level 4 spell: Summon Lightning Spire
  5972 | D:5      | Reached skill level 3 in Air Magic
  6235 | D:5      | Identified a scroll of acquirement
  6236 | D:5      | Acquired a Grand Grimoire
  6345 | D:6      | Reached XP level 8. HP: 31/31 MP: 15/15
  6420 | D:6      | Found a large runed translucent door.
  6421 | D:6      | Found a large runed translucent door.
  6424 | D:6      | Noticed a boulder beetle
  6427 | D:6      | Found a large runed translucent door.
  6427 | D:6      | Found a large runed translucent door.
  6511 | D:6      | Reached skill level 4 in Air Magic
  6621 | D:6      | Reached skill level 8 in Summonings
  6704 | D:6      | Noticed a white ugly thing
  6727 | D:6      | Killed a white ugly thing
  6728 | D:6      | Reached skill level 5 in Air Magic
  6807 | D:6      | Reached skill level 9 in Summonings
  6814 | D:6      | Reached XP level 9. HP: 34/34 MP: 16/16
  7306 | D:6      | Reached skill level 6 in Air Magic
  7468 | D:6      | Found a transporter.
  7485 | D:6      | Noticed HuGe's ghost (novice MiBe)
  7506 | D:6      | Found a transporter.
  7826 | D:6      | Found a staircase to the Ecumenical Temple.
  7832 | Temple   | Entered the Ecumenical Temple
  7840 | Temple   | Became a worshipper of Gozag Ym Sagoz the Greedy
  7945 | D:6      | Found a stormy altar of Qazlal.
  8704 | D:7      | Reached skill level 3 in Dodging
  8831 | D:7      | Reached skill level 1 in Fighting
  8834 | D:7      | Slain by a hornet
  8834 | D:7      | Paralysed by a hornet for 2 turns
  8835 | D:7      | Reached XP level 8. HP: -1/32 MP: 14/15
  8997 | D:7      | HP: 2/32 [orc priest/divine providence (12)]
  9537 | D:7      | Killed a hornet
  9538 | D:7      | Reached skill level 2 in Fighting
  9538 | D:7      | Reached skill level 4 in Dodging
  9552 | D:7      | Acquired 772 gold pieces
  9855 | D:8      | Reached skill level 10 in Summonings
  9907 | D:8      | Reached skill level 7 in Air Magic
  9907 | D:8      | Reached XP level 9. HP: 37/37 MP: 16/16
 10186 | D:8      | Reached skill level 5 in Dodging
 10195 | D:8      | Reached skill level 3 in Fighting
 11007 | D:9      | Noticed a kobold demonologist
 11007 | D:9      | Noticed a kobold demonologist
 11007 | D:9      | Noticed a kobold demonologist
 11103 | D:9      | Noticed a soul eater
 11748 | D:9      | Noticed a troll
 11760 | D:9      | Killed a troll
 11761 | D:9      | Reached skill level 6 in Dodging
 11808 | D:9      | Learned a level 2 spell: Blink
 11847 | D:9      | Reached skill level 4 in Fighting
 11869 | D:9      | Found the +7 Throatcutter {drain, coup de grace}
 12058 | D:9      | Slain by a wyvern
 12059 | D:9      | Reached XP level 8. HP: 0/36 MP: 13/15
 12099 | D:9      | Reached skill level 1 in Translocations
 12107 | D:9      | Reached skill level 1 in Transmutations
 12107 | D:9      | Reached XP level 9. HP: 30/39 MP: 16/16
 12287 | D:9      | Killed a kobold demonologist
 12288 | D:9      | Reached skill level 2 in Translocations
 12343 | D:9      | Killed a kobold demonologist
 12344 | D:9      | Reached skill level 2 in Transmutations
 12441 | D:9      | Reached skill level 7 in Dodging
 12441 | D:9      | Reached skill level 3 in Translocations
 12776 | D:9      | Found a staircase to the Lair.
 12792 | D:9      | Found a staircase to the Orcish Mines.
 12836 | Lair:1   | Entered Level 1 of the Lair of Beasts
 12901 | Lair:1   | Noticed Maggie
 12925 | Lair:1   | Reached skill level 8 in Air Magic
 12943 | Lair:1   | Reached skill level 5 in Fighting
 12943 | Lair:1   | Reached XP level 10. HP: 44/44 MP: 17/17
 12959 | Lair:1   | Reached skill level 4 in Translocations
 12959 | Lair:1   | Reached skill level 3 in Transmutations
 12960 | Lair:1   | Killed Maggie
 13212 | Lair:1   | Reached skill level 11 in Summonings
 13445 | Lair:1   | Noticed a cane toad
 13458 | Lair:1   | Killed a cane toad
 13970 | Lair:1   | Noticed a four-headed hydra
 13984 | Lair:1   | Killed a four-headed hydra
 13985 | Lair:1   | Reached skill level 5 in Translocations
 14171 | Lair:2   | Reached skill level 8 in Dodging
 14190 | Lair:2   | Reached skill level 4 in Transmutations
 14228 | Lair:2   | Noticed a four-headed hydra
 14246 | Lair:2   | Killed a four-headed hydra
 14247 | Lair:2   | Reached skill level 6 in Fighting
 14247 | Lair:2   | Reached XP level 11. HP: 48/48 MP: 18/18
 14503 | Lair:2   | Noticed an eight-headed hydra
 14512 | Lair:2   | Found a hole to the Spider Nest.
 14538 | Lair:2   | Killed an eight-headed hydra
 14539 | Lair:2   | Reached skill level 9 in Dodging
 14539 | Lair:2   | Reached skill level 5 in Transmutations
 15274 | Lair:2   | Reached skill level 9 in Air Magic
 15415 | Lair:2   | Bought the Guide on the Flying Escort for 624 gold pieces
 15415 | Lair:2   | Bought a book of Scorching for 390 gold pieces
 15423 | Lair:2   | Learned a level 6 spell: Summon Cactus Giant
 15708 | Lair:3   | Noticed Sonja
 15709 | Lair:3   | Noticed an eight-headed hydra
 15716 | Lair:3   | Killed Sonja
 15724 | Lair:3   | Killed an eight-headed hydra
 15725 | Lair:3   | Reached skill level 7 in Fighting
 15729 | Lair:3   | Reached skill level 12 in Summonings
 16010 | Lair:3   | Reached skill level 10 in Dodging
 16592 | Lair:4   | Gained mutation: Your thick and shaggy fur keeps you warm.
                  | (AC +3, rC+) [Felid growth]
 16592 | Lair:4   | Reached XP level 12. HP: 54/54 MP: 19/19
 16673 | Lair:4   | Reached skill level 6 in Transmutations
 16676 | Lair:4   | Noticed a seven-headed hydra
 16689 | Lair:4   | Killed a seven-headed hydra
 16892 | Lair:4   | Found a staircase to the Shoals.
 17086 | Lair:4   | Reached skill level 13 in Summonings
 17101 | Lair:4   | Reached skill level 8 in Fighting
 17947 | Lair:4   | Learned a level 3 spell: Swiftness
 18478 | Lair:5   | Reached skill level 11 in Dodging
 18487 | Lair:5   | Reached skill level 7 in Transmutations
 18808 | Lair:5   | Noticed an eight-headed hydra
 18835 | Lair:5   | Killed an eight-headed hydra
 18836 | Lair:5   | Reached skill level 10 in Air Magic
 19328 | Lair:6   | Entered Level 6 of the Lair of Beasts
 19542 | Lair:6   | Noticed a five-headed hydra
 19568 | Lair:6   | HP: 11/56 [poisoned by a cane toad]
 19599 | Lair:6   | Killed a five-headed hydra
 19864 | Lair:6   | Reached XP level 13. HP: 40/59 MP: 20/20
 20180 | Lair:6   | Found a runed translucent door.
 20182 | Lair:6   | Found a viscous altar of Jiyva.
 20575 | Lair:6   | Found a staircase to the Slime Pits.
 20667 | Lair:6   | Reached skill level 9 in Fighting
 20667 | Lair:6   | Reached skill level 8 in Transmutations
 20743 | Lair:6   | HP: 11/60 [elephant (2)]
 20744 | Lair:6   | HP: 1/60 [elephant (6)]
 20744 | Lair:6   | Slain by an elephant
 20745 | Lair:6   | Reached XP level 12. HP: -1/57 MP: 28/28
 20946 | Lair:6   | Killed a death yak
 20947 | Lair:6   | Reached skill level 12 in Dodging
 21816 | Lair:6   | Killed a death yak
 21821 | Lair:6   | Killed a death yak
 21862 | Lair:6   | Killed a catoblepas
 22060 | Lair:6   | Noticed a deep troll shaman
 22065 | Lair:6   | Killed a deep troll shaman
 22325 | Lair:2   | Bought the ring of Foru Bur {Will+ Str+3 Int+6} for 1006
                  | gold pieces
 22364 | D:10     | Entered Level 10 of the Dungeon
 23107 | D:10     | Reached skill level 9 in Transmutations
 23452 | D:11     | Found a frozen archway.
 23464 | D:11     | Reached skill level 5 in Spellcasting
 23464 | D:11     | Reached skill level 11 in Air Magic
 23513 | IceCv    | Entered an ice cave
 23724 | IceCv    | Reached XP level 13. HP: 61/61 MP: 19/21
 23755 | IceCv    | Reached skill level 10 in Fighting
 24267 | IceCv    | Noticed a frost giant
 24730 | D:11     | Reached skill level 6 in Spellcasting
 24762 | D:11     | Noticed Nergalle
 24774 | D:11     | Killed Nergalle
 26305 | D:11     | Paralysed by a floating eye for 4 turns
 28554 | D:11     | HP: 8/62 [oklob plant/splash of acid (34)]
 28977 | Orc:1    | Entered Level 1 of the Orcish Mines
 30875 | Orc:2    | Entered Level 2 of the Orcish Mines
 31101 | Orc:1    | Reached skill level 11 in Fighting
 31606 | Orc:2    | HP: 12/63 [centaur/arrow (5)]
 31619 | Orc:2    | Shot with a bolt by an orc warrior
 31620 | Orc:2    | Reached XP level 12. HP: -6/60 MP: 19/23
 33059 | D:12     | Noticed a two-headed ogre
 33140 | D:12     | Reached skill level 7 in Spellcasting
 33187 | D:12     | Killed a two-headed ogre
 33188 | D:12     | Reached skill level 12 in Air Magic
 33286 | D:12     | Noticed Snorg
 33301 | D:12     | Killed Snorg
 33302 | D:12     | Reached XP level 13. HP: 63/63 MP: 12/24
 34062 | D:13     | Noticed Azrael
 34607 | D:13     | Found a gate to the Vaults.
 34728 | D:13     | Killed Azrael
 34781 | D:13     | Learned a level 7 spell: Storm Form
 35765 | D:14     | Noticed Frances
 35945 | D:14     | Reached skill level 8 in Spellcasting
 36033 | D:14     | Killed Frances
 36034 | D:14     | Reached skill level 12 in Fighting
 36162 | D:14     | HP: 3/64 [manticore/volley of spikes (17)]
 36808 | D:14     | Found a transporter.
 36810 | D:14     | Noticed a starcursed mass
 37025 | D:14     | Found a transporter.
 37029 | D:14     | Found a one-way gate to the infinite horrors of the Abyss.
 37037 | D:14     | Noticed Mostra's ghost (journeyman DjFE)
 37096 | D:14     | Found a blossoming altar of Fedhas.
 37648 | D:15     | Entered Level 15 of the Dungeon
 37659 | D:15     | Found a transporter.
 37659 | D:15     | Found a transporter.
 37659 | D:15     | Found a transporter.
 37659 | D:15     | Noticed a juggernaut
 37660 | D:15     | Found a sparkling altar of Nemelex Xobeh.
 37660 | D:15     | Found a transporter.
 37662 | D:15     | Found a transporter.
 37933 | D:15     | Found a transporter.
 38202 | D:14     | HP: 12/64 [centaur warrior (4)]
 38213 | D:14     | Reached skill level 10 in Transmutations
 38760 | D:15     | Reached XP level 14. HP: 69/69 MP: 27/27
 38963 | D:15     | Found a basalt altar of Yredelemnul.
 38988 | D:15     | HP: 11/69 [centaur warrior/arrow (28)]
 39337 | D:15     | HP: 10/69 [fire dragon/blast of flame (26)]
 39338 | D:15     | Reached skill level 13 in Air Magic
 39600 | D:15     | Found a staircase to the Depths.
 39968 | Spider:1 | Entered Level 1 of the Spider Nest
 40467 | Spider:1 | HP: 7/69 [disintegration (62)]
 41001 | Lair:2   | Reached skill level 11 in Transmutations
 41002 | Lair:2   | HP: 5/69 [tarantella (16)]
 41261 | Lair:2   | Learned a level 5 spell: Manifold Assault
 41289 | Spider:1 | HP: 12/69 [wolf spider (6)]
 41292 | Spider:1 | HP: 1/69 [jumping spider (12)]
 41623 | Lair:2   | Bought a potion of heal wounds for 90 gold pieces
 41623 | Lair:2   | Bought a potion of curing for 54 gold pieces
 41623 | Lair:2   | Bought 2 potions of haste for 360 gold pieces
 41623 | Lair:2   | Bought a potion of might for 72 gold pieces
 41623 | Lair:2   | Bought a potion of brilliance for 72 gold pieces
 41752 | Spider:1 | Reached skill level 1 in Unarmed Combat
 41778 | Spider:1 | HP: 10/69 [entropy weaver (8)]
 41778 | Spider:1 | Slain by an entropy weaver

Illustrated notes

Levels and vault maps discovered:
D:1:      moated_graveyard_arrival, layout_loops_corners,
          ebering_ecumenical_altar_rust, hangedman_decor_growths,
          minmay_split_cup_large
D:2:      layout_loops_ring, grunt_ministairs_5, minmay_puff
D:3:      layout_loops_ring, uniq_terence
D:4:      layout_basic, kennysheep_generic_room_8
D:5:      layout_loops_cross, minivault_5
D:6:      layout_loops_corners, nicolae_qazlal_style_of_elements,
          minmay_temple_entry_fiery, gammafunk_ghost_stat_death,
          minmay_hollow_rounded_squares
D:7:      layout_cave_pools
D:8:      layout_loops_corners
D:9:      layout_roguey, minmay_lair_entry_grove, orc_0_dummy
D:10:     layout_irregular_city
D:11:     layout_gridville, portal_ice_cave_rime, disabler_island, uniq_nergalle
D:12:     layout_basic, nicolae_twisting_strands, uniq_snorg
D:13:     layout_basic, ximxim_vaults_locker_room, lemuel_flamethrower_2,
          uniq_azrael
D:14:     layout_stronghold, serial_park_avenue1,
          gammafunk_ghost_abyssal_escape, fedhas_altar_3, uniq_frances
D:15:     grunt_enter_depths_hoard, layout_basic, yredelemnul_altar_generic,
          minmay_misc_feat_room, hellmonk_jugg_or_not
Temple:   dpeg_three_leaves_temple
Lair:1:   layout_regular_city, lemuel_old_faithful, uniq_maggie
Lair:2:   layout_gridlike, spider_nest_entry_webs, infiniplex_staircase_pool
Lair:3:   layout_layer_cave, uniq_sonja
Lair:4:   layout_small_grid, elwin_shoals_entry_rocks, serial_bayou_crossing
Lair:5:   layout_layer_cave
Lair:6:   grunt_lair_end_beastmaster, layout_loops_ring, slime_altar_2,
          nicolae_quartered_pool_little, st_stairs_5,
          infiniplex_staircase_pool_2
Spider:1: layout_spider_delve, gammafunk_ghost_necromancy, uniq_roxanne
Orc:1:    layout_caves
Orc:2:    st_orc_rangers, layout_diamond_mine, guppyfry_library_mini

Skill      XL: |  1  2  3  4  5  6  7  8  9 10 11 12 13 14 |
---------------+-------------------------------------------+-----
Spellcasting   | 3 4 7 8 |  8.9
Summonings     | 5 6 7 10 11 12 13 | 13.1
Hexes          | 2 4 5 |  5.0
Air Magic      | 1 3 7 8 9 12 13 | 13.2
Dodging        | 4 7 8 10 12 | 12.4
Fighting       | 2 5 6 7 8 12 | 12.0
Translocations | 1 3 5 |  5.3
Transmutations | 1 2 4 5 9 10 11 | 11.2
Unarmed Combat | 1 |  1.0
Stealth        | |  2.6

Action                   |  1- 3 |  4- 6 |  7- 9 | 10-12 | 13-15 || total
-------------------------+-------+-------+-------+-------+-------++-------
Melee: Unarmed           |    12 |     8 |     6 |    18 |    78 ||   122
       Bite              |       |     1 |     1 |     4 |     4 ||    10
       Punch             |       |       |       |     1 |     1 ||     2
 Cast: Summon Small Mamm |    40 |       |       |     1 |     4 ||    45
       Call Imp          |     7 |     2 |       |       |       ||     9
       Call Canine Famil |     8 |    26 |    51 |    23 |    33 ||   141
       Summon Guardian G |       |     9 |    65 |     7 |       ||    81
       Summon Lightning  |       |       |    22 |    61 |    71 ||   154
       Blink             |       |       |     1 |     4 |     9 ||    14
       Summon Cactus Gia |       |       |       |    69 |   166 ||   235
       Storm Form        |       |       |       |       |     7 ||     7
Invok: Call Merchant     |       |       |       |     2 |     2 ||     4
 Abil: Blinkbolt         |       |       |       |       |     7 ||     7
Evoke: Wand              |       |       |       |    10 |    20 ||    30
  Use: Scroll            |       |       |    13 |    17 |    11 ||    41
       Potion            |       |       |     1 |     1 |     9 ||    11
 Stab: Distracted        |       |     1 |     1 |     1 |     2 ||     5
       Paralysed         |       |       |       |       |     2 ||     2
       Sleeping          |       |       |       |       |     1 ||     1
Armor: Skin              |     3 |       |     6 |     2 |    33 ||    44
Dodge: Dodged            |    27 |    21 |    46 |    70 |   423 ||   587

Table legend: (Time is in decaauts)
 A = Elapsed time spent in this place.
 B = Non-inter-level travel time spent in this place.
 C = Inter-level travel time spent in this place.
 D = Time resting spent in this place.
 E = Time spent auto-exploring this place.
 F = Levels seen in this place.
 G = Mean time per level.
                   A        B        C        D        E       F      G
               +--------+--------+--------+--------+--------+-----+--------+
         Total |  37760 |  36100 |   1660 |  10079 |  17269 |  26 | 1452.3 |
       Dungeon |  24357 |  23328 |   1029 |   6466 |  11358 |  15 | 1623.8 |
        Temple |     13 |      8 |      5 |      0 |      0 |   1 |   13.0 |
          Lair |   9903 |   9322 |    581 |   2027 |   5359 |   6 | 1650.5 |
   Spider Nest |    187 |    187 |      0 |      0 |      0 |   1 |  187.0 |
  Orcish Mines |   2308 |   2265 |     43 |   1269 |    550 |   2 | 1154.0 |
      Ice Cave |    990 |    990 |      0 |    317 |      0 |   1 |  990.0 |
               +--------+--------+--------+--------+--------+-----+--------+

Top non-repeatable levels by time:
    D:11: 4272 daAuts
     D:9: 3047 daAuts
  Lair:2: 2944 daAuts
    D:14: 2318 daAuts
  Lair:6: 2097 daAuts
   Orc:1: 2068 daAuts
     D:6: 1835 daAuts
    D:13: 1477 daAuts
     D:5: 1460 daAuts
  Lair:4: 1444 daAuts
  Lair:5: 1414 daAuts
     D:8: 1404 daAuts
     D:3: 1335 daAuts
    D:15: 1334 daAuts
     D:1: 1240 daAuts

Table legend:
 A = Kills in this place as a percentage of kills in entire the game.
 B = Kills by you in this place as a percentage of kills by you in the entire game.
 C = Kills by friends in this place as a percentage of kills by friends in the entire game.
 D = Other kills in this place as a percentage of other kills in the entire game.
 E = Experience gained in this place as a percentage of experience gained in the entire game.
 F = Experience gained in this place divided by the number of levels of this place that you have seen.
                   A       B       C       D       E      F
               +-------+-------+-------+-------+-------+----------------------
         Total | 100.0 | 100.0 | 100.0 | 100.0 | 100.0 | 4891.2
       Dungeon |  58.3 |  26.5 |  56.5 |  96.4 |  47.1 | 3992.9
          Lair |  26.1 |  52.9 |  26.7 |   3.6 |  38.0 | 8047.2
   Spider Nest |   2.7 |  17.6 |   2.1 |   0.0 |   4.4 | 5588.0
  Orcish Mines |   6.8 |   2.9 |   7.7 |   0.0 |   3.6 | 2273.0
      Ice Cave |   6.1 |   0.0 |   7.0 |   0.0 |   7.0 | 8860.0
               +-------+-------+-------+-------+-------+----------------------
